 Dungeon Crawl Stone Soup version 0.29.1-2-gbd0b4ee654 (webtiles) character file.

Game seed: 1363562995560683526

267 DemonSlayer the Digger (level 6, -1/54 HPs)
             Began as a Troll Earth Elementalist on Nov 27, 2022.
             Slain by a gnoll
             ... wielding a +0 halberd
              (5 damage)
             ... on level 4 of the Dungeon.
             The game lasted 00:06:13 (2474 turns).

DemonSlayer the Digger (Troll Earth Elementalist)   Turns: 2474, Time: 00:06:14

Health: -1/54      AC:  6    Str: 17    XL:     6   Next: 0%
Magic:  1/8        EV: 10    Int: 19    God:
Gold:   115        SH:  0    Dex: 10    Spells: 2/10 levels left

rFire   . . .      SeeInvis .   r - +0 scythe
rCold   + . .      Faith    .   (shield currently unavailable)
rNeg    . . .      Spirit   .   s - +2 robe {rC+}
rPois   .          Reflect  .   (helmet restricted)
rElec   .          Harm     .   (no cloak)
rCorr   .          Rampage  .   (gloves unavailable)
Will    .....                   (boots unavailable)
Stlth   +.........              (no amulet)
HPRegen 0.98/turn               j - +6 ring of intelligence
MPRegen 0.11/turn               t - +4 ring of slaying

@: no status effects
A: large, unfitting armour, claws 3, regeneration 1, shaggy fur 1, tough skin 1
a: no special abilities


You were on level 4 of the Dungeon.
You visited 1 branch of the dungeon, and saw 4 of its levels.

You collected 115 gold pieces.

Inventory:

Hand Weapons
 r - a +0 scythe (weapon)
Armour
 s - a +2 robe of cold resistance (worn)
Jewellery
 j - a +6 ring of intelligence (left claw)
 k - a ring of positive energy
 t - a +4 ring of slaying (right claw)
Wands
 u - a wand of iceblast (3)
Scrolls
 a - a scroll of immolation {unknown}
 d - a scroll of blinking {unknown}
 e - 4 scrolls of teleportation {unknown}
 h - 3 scrolls of identify {unknown}
 l - a scroll of fear {unknown}
 m - a scroll of noise {unknown}
 n - a scroll of enchant armour {unknown}
 o - a scroll of vulnerability {unknown}
 q - a scroll of brand weapon {unknown}
Potions
 b - a potion of magic
 c - 3 potions of curing {unknown}
 f - 5 potions of attraction {unknown}
 g - a potion of haste {unknown}
 i - a potion of lignification {unknown}
 p - a potion of resistance {unknown}
 v - a potion of mutation {unknown}


   Skills:
 + Level 0.5 Fighting
 + Level 2.0 Dodging
 + Level 1.3 Stealth
 + Level 1.9 Unarmed Combat
 + Level 2.5 Spellcasting
 + Level 0.6 Transmutations
 + Level 4.1 Earth Magic


You had 2 spell levels left.
You knew the following spells:

 Your Spells              Type           Power      Damage    Failure   Level
a - Sandblast             Erth           36%        2d10      3%          1
b - Stone Arrow           Conj/Erth      20%        3d8       21%         3
c - Leda's Liquefaction   Hex/Erth       5%         N/A       56%         4

Your spell library contained the following spells:

 Spells                   Type           Power      Damage    Failure   Level
 Passwall                 Tmut/Erth      9%         N/A       9%          2
 Call Canine Familiar     Summ           2%         N/A       43%         3
 Portal Projectile        Hex/Tloc       4%         N/A       43%         3
 Petrify                  Tmut/Erth      11%        N/A       52%         4
 Anguish                  Hex/Necr       1%         N/A       85%         4
 Enfeeble                 Hex            1%         N/A       100%        7


Dungeon Overview and Level Annotations

Branches:
Dungeon (4/15)
 Temple: D:4-7

Altars:
Makhleb

Annotations:
D:4 3 runed translucent doors, dornbeast's ghost, amateur PaWr


Innate Abilities, Weirdness & Mutations

You are too large for most types of armour.
You have claws for hands.
Your natural rate of healing is unusually fast.
You are covered in fur. (AC +1)
You have tough skin. (AC +1)


Message History

The gnoll closely misses you.
You are too injured to fight recklessly!
You are too injured to fight recklessly!
You barely miss the gnoll.
The gnoll is heavily wounded.
The gnoll closely misses you. The gnoll barely misses you.
You closely miss the gnoll.
The gnoll is heavily wounded.
The gnoll completely misses you. The gnoll barely misses you.
The gnoll hits you from afar with a +0 halberd.
The gnoll hits you with a +0 whip.
* * * LOW HITPOINT WARNING * * *
You hit the gnoll but do no damage.
The gnoll is heavily wounded.
The gnoll closely misses you. The gnoll hits you but does no damage.
You hit the gnoll.
The gnoll is severely wounded.
The gnoll hits you with a +0 whip.
* * * LOW HITPOINT WARNING * * *
The gnoll closely misses you.
The gnoll hits you from afar with a +0 halberd.
* * * LOW HITPOINT WARNING * * *
The gnoll hits you but does no damage.
You barely miss the gnoll.
The gnoll is severely wounded.
The gnoll barely misses you. The gnoll closely misses you.
You slash the gnoll!
You kill the gnoll!
The gnoll barely misses you.
The gnoll hits you from afar with a +0 halberd!
* * * LOW HITPOINT WARNING * * *
You have reached level 6!
You feel stronger. The gnoll barely misses you.
Things that are here:
a +0 whip; an adder corpse You hit the gnoll.
The gnoll is lightly wounded.
The gnoll hits you with a +0 halberd.
You die...

#.#.##KK.#
.....##### .#####
<.########
.......... ##
.######### .### ###.
....## ..##.....
.##..# #####.)..##..
.###.# #..@g..).....
.###.#
######.#######....
.....# ##........# .
.....###.........#
.................#
....)..#########....
........<. #.#..
.....###### ....#
###..# ..#.#


You could see a gnoll.

Vanquished Creatures
  Sigmund (D:3)
  3 gnolls (D:4)
  3 adders
  A worm (D:3)
  8 endoplasms
  2 giant cockroaches (D:2)
  4 goblins
  4 hobgoblins
  2 jackals (D:3)
  3 quokkas
  7 ball pythons
  7 bats
  6 frilled lizards
  A kobold (D:4)
  7 rats
59 creatures vanquished.

Notes
Turn   | Place    | Note
-------+----------+-------------------------------------------
     0 | D:1      | DemonSlayer the Troll Earth Elementalist began the quest
                  | for the Orb.
     0 | D:1      | Reached XP level 1. HP: 16/16 MP: 1/1
   177 | D:1      | Reached skill level 3 in Earth Magic
   224 | D:1      | Reached XP level 2. HP: 24/24 MP: 0/2
   449 | D:1      | Found a faded altar of an unknown god.
   993 | D:2      | Reached skill level 1 in Unarmed Combat
   993 | D:2      | Reached XP level 3. HP: 25/31 MP: 0/4
  1610 | D:2      | Learned a level 3 spell: Stone Arrow
  1823 | D:3      | Noticed Sigmund
  1871 | D:3      | Reached XP level 4. HP: 39/39 MP: 3/5
  1904 | D:3      | Killed Sigmund
  1905 | D:3      | Reached skill level 4 in Earth Magic
  1905 | D:3      | Reached XP level 5. HP: 20/46 MP: 2/7
  2242 | D:3      | Found a burning altar of Makhleb.
  2394 | D:3      | Learned a level 4 spell: Leda's Liquefaction
  2411 | D:4      | Noticed dornbeast's ghost (amateur PaWr)
  2413 | D:4      | Found a runed translucent gate.
  2413 | D:4      | Found a runed translucent gate.
  2413 | D:4      | Found a runed translucent gate.
  2472 | D:4      | HP: 1/46 [gnoll/+0 halberd (10)]
  2473 | D:4      | Reached XP level 6. HP: 1/54 MP: 1/8
  2474 | D:4      | Slain by a gnoll

Illustrated notes

Levels and vault maps discovered:
D:1:      dpeg_arrival_ratfight, layout_loops_ring,
          dreamdust_ecumenical_altar_angels_and_demons
D:2:      layout_basic
D:3:      layout_loops_cross, bloody_makhleb, uniq_sigmund
D:4:      layout_rooms, minmay_temple_entry_ruins,
          gammafunk_ghost_nasty_kobolds, serial_curves, eino_curves_04,
          eino_curves_03

Skill      XL: |  1  2  3  4 |
---------------+-------------+-----
Earth Magic    | 3 4 |  4.1
Unarmed Combat | 1 |  1.9
Dodging        | 2 |  2.0
Spellcasting   | 2 |  2.5
Fighting       | |  0.5
Stealth        | |  1.3
Transmutations | |  0.6

Action                   |  1- 3 |  4- 6 || total
-------------------------+-------+-------++-------
Melee: Unarmed           |    59 |     8 ||    67
       Halberd           |       |    14 ||    14
 Cast: Sandblast         |    43 |    18 ||    61
 Stab: Sleeping          |     2 |     1 ||     3
Armor: Robe              |    36 |     8 ||    44
Dodge: Dodged            |    53 |    39 ||    92
